 Dungeon Crawl Stone Soup version 0.18.1-6-gd335043 (webtiles) character file.

8782 shmeve the Blocker (level 11, -4/90 HPs)
             Began as a Formicid Fighter on May 15, 2016.
             Was an Elder of Okawaru.
             Killed from afar by a wretched star (19 damage)
             ... with an orb of energy
             ... on level 1 of the Abyss.
             The game lasted 00:21:18 (9886 turns).

shmeve the Blocker (Formicid Fighter)               Turns: 9886, Time: 00:21:19

Health: -4/90      AC: 22    Str: 24    XL:     11   Next: 62%
Magic:  14/14      EV:  6    Int:  8    God:    Okawaru [****..]
Gold:   611        SH: 21    Dex:  6    Spells: 0 memorised, 10 levels left

rFire  . . .     SeeInvis +     F - +0 battleaxe (curse)
rCold  . . .     Gourm    .     m - +0 plate armour
rNeg   . . .     Faith    +     u - +3 large shield
rPois  .         Spirit   .     (helmet unavailable)
rElec  .         Dismiss  .     B - +2 cloak
rCorr  .         Reflect  .     M - +2 pair of gloves
SustAt +         Harm     .     q - +1 pair of boots
MR     +....                    d - amulet of faith
Stlth  ..........               J - +6 ring of slaying
                                j - ring of sustain attributes

@: somewhat resistant to hostile enchantments, extremely unstealthy
A: permanent stasis, dig shafts and tunnels, four strong arms, antennae 3,
blurry vision 2, clumsy 2, deterioration 2, screaming 2, subdued magic 2
a: Dig, Shaft Self, Heroism, Renounce Religion


You were on level 1 of the Abyss.
You worshipped Okawaru.
Okawaru was greatly pleased with you.
You were not hungry.

You visited 2 branches of the dungeon, and saw 12 of its levels.
You visited the Abyss 1 time.

You collected 611 gold pieces.

Inventory:

Hand Weapons
 F - a cursed +0 battleaxe (weapon)
Armour
 m - a +0 plate armour (worn)
 q - a +1 pair of boots (worn)
 u - a +3 large shield (worn)
 B - a +2 cloak (worn)
 M - a +2 pair of gloves (worn)
Jewellery
 d - an amulet of faith (around neck)
 j - a ring of sustain attributes (left hand)
 G - an uncursed ring of protection from fire
 J - a +6 ring of slaying (right hand)
Wands
 v - a wand of lightning (2/15)
Scrolls
 c - a scroll of immolation {unknown}
 h - 7 scrolls of identify
 i - 2 scrolls of magic mapping
 w - 2 scrolls of holy word {unknown}
 x - 3 scrolls of remove curse
 y - 4 scrolls of enchant weapon {unknown}
 z - a scroll of recharging {unknown}
 A - 2 scrolls of fog
 H - a scroll of fear {unknown}
Potions
 b - 6 potions of curing {unknown}
 e - 2 potions of invisibility {unknown}
 k - 2 potions of degeneration {unknown}
 o - 2 potions of lignification
 p - a potion of haste {unknown}
 r - 2 potions of heal wounds {unknown}
 s - a potion of magic {unknown}
 t - 2 potions of ambrosia {unknown}
 C - 2 potions of cure mutation {unknown}
 D - 4 potions of brilliance {unknown}
 E - a potion of cancellation {unknown}
 I - a potion of mutation {unknown}
 L - a potion of flight {unknown}
Books
 n - a book of the Dragon

   Spells                             Type                      Level
   a - Flame Tongue                   Conjuration/Fire             1
   b - Cause Fear                     Hexes                        4
   c - Bolt of Fire                   Conjuration/Fire             6
   d - Dragon Form                    Transmutation                7
   e - Dragon's Call                  Summoning                    9
Comestibles
 f - 8 bread rations
 g - a beef jerky
 l - 4 meat rations
 K - 8 slices of pizza


   Skills:
 * Level 9.6 Fighting
 * Level 8.7 Axes
 + Level 7.4 Armour
 + Level 5.0 Dodging
 * Level 10.9 Shields
 + Level 5.3 Invocations


You had 10 spell levels left.
You didn't know any spells.

Dungeon Overview and Level Annotations

Branches:
Dungeon (11/15)            Temple (1/1) D:6            Lair (0/8) D:9
    Orc (0/2) D:10

Altars:
Ashenzari
Cheibriados
Dithmenos
Elyvilon
Fedhas
Gozag
Kikubaaqudgha
Makhleb
Nemelex Xobeh
Okawaru
Pakellas
Qazlal
Ru
Sif Muna
Trog
Vehumet
Xom
Yredelemnul
Zin
The Shining One

Shops:
D:6 (   D:8 %

Annotations:
D:11 Sonja


Innate Abilities, Weirdness & Mutations

You are under a permanent stasis effect.
You can dig through walls and to a lower floor.
Your four strong arms can wield two-handed weapons with a shield.
You have a pair of large antennae on your head (SInv).
[Scrolls take you longer to read.]
[You are very clumsy. (Dex -4)]
[Your body often deteriorates upon taking damage.]
[You sometimes yell uncontrollably at your foes.]
[Your spells are easier to cast, but less powerful.]


Message History

The orb of energy misses you.
You hit the wretched star but do no damage.
The wretched star is severely damaged.
The wretched star glows turbulently.
The orb of energy hits you!
* * * LOW HITPOINT WARNING * * *
The orb of energy explodes!
You hit the wretched star.
The wretched star is almost destroyed.
The wretched star pulses with an eldritch light!
Your vision blurs. x2
You hit the wretched star but do no damage.
The wretched star is almost destroyed.
The wretched star glows turbulently.
The orb of energy hits you!
* * * LOW HITPOINT WARNING * * *
The orb of energy explodes!
The wretched star glows turbulently.
The orb of energy hits you!
You die...

#### #
########.#.##.##
#.#..#.##...#.
#..........## .
####@........ .!
#§ ##*..#...
#... # §§#....#
.
...#§§#§.......
####§ .§§.#.#..
..#.. #.. .#.
... ..
......###.. #. .
..# .. . #.## ##
#..# #.. #. #


You could see a wretched star.

Vanquished Creatures
  Erica (D:8)
  2 hill giants (D:10)
  A smoke demon (Abyss:1)
  3 trolls
  Sigmund (D:5)
  Eustachio (D:5)
  2 wyverns (D:8)
  6 yaks (D:10)
  A human (D:8)
  A hippogriff (D:8)
  A hungry ghost (D:8)
  The ghost of UMOarsman the Conjurer, an amateur DECj (D:4)
  A water moccasin (D:9)
  5 sky beasts
  A black bear (D:9)
  An ice beast (D:5)
  A necrophage (D:10)
  A wasp (D:9)
  4 centaurs
  4 ogres
  A big kobold (D:7)
  10 giant frogs
  3 scorpions
  13 wights
  4 howler monkeys
  A wasp zombie (D:6)
  2 hounds (D:8)
  2 jellies
  5 orc wizards
  3 orc priests
  2 giant frog skeletons
  4 iguanas
  7 worker ants
  Natasha (thrice) (D:2)
  Terence (D:2)
  A killer bee zombie (D:4)
  2 hound skeletons
  A mummy (D:5)
  A worker ant zombie (D:7)
  A howler monkey zombie (D:10)
  3 gnolls (D:10)
  A howler monkey skeleton (D:10)
  9 adders
  4 shadow imps
  4 oozes
  2 adder zombies
  2 worms
  A dart slug (D:4)
  5 giant geckos
  17 orcs
  4 giant cockroaches
  7 goblins
  6 hobgoblins
  8 jackals
  5 quokkas
  2 ball pythons
  4 bats
  A giant gecko zombie (D:6)
  3 giant newts
  A jackal zombie (D:7)
  14 kobolds
  2 orc zombies (D:5)
  A quokka zombie (D:6)
  6 rats
218 creatures vanquished.

Notes
Turn   | Place    | Note
--------------------------------------------------------------
     0 | D:1      | shmeve the Formicid Fighter began the quest for the Orb.
     0 | D:1      | Reached XP level 1. HP: 18/18 MP: 1/1
    43 | D:1      | Reached skill level 4 in Shields
    43 | D:1      | Reached XP level 2. HP: 18/24 MP: 2/2
   274 | D:1      | Reached XP level 3. HP: 29/29 MP: 3/3
   994 | D:2      | Noticed Terence
  1004 | D:2      | Killed Terence
  1004 | D:2      | Reached XP level 4. HP: 31/37 MP: 4/4
  1045 | D:2      | Noticed Natasha
  1062 | D:2      | Killed Natasha
  1074 | D:2      | Noticed Natasha
  1079 | D:2      | Killed Natasha
  1079 | D:2      | Reached XP level 5. HP: 38/42 MP: 5/5
  1400 | D:2      | Noticed Natasha
  1405 | D:2      | Killed Natasha
  1405 | D:2      | Reached skill level 1 in Dodging
  1727 | D:2      | Reached skill level 5 in Shields
  1816 | D:3      | Reached XP level 6. HP: 46/48 MP: 6/6
  2794 | D:4      | Reached XP level 7. HP: 55/55 MP: 7/7
  2820 | D:4      | Noticed UMOarsman's ghost (amateur DECj)
  2830 | D:4      | Killed UMOarsman's ghost
  2830 | D:4      | Reached skill level 5 in Fighting
  3175 | D:5      | Entered Level 5 of the Dungeon
  3175 | D:5      | Noticed Eustachio
  3197 | D:5      | Killed Eustachio
  3197 | D:5      | Reached skill level 6 in Shields
  3235 | D:5      | Reached XP level 8. HP: 55/63 MP: 8/8
  3455 | D:5      | Noticed Sigmund
  3473 | D:5      | Killed Sigmund
  3473 | D:5      | Reached skill level 5 in Axes
  3527 | D:5      | Reached skill level 7 in Shields
  3671 | D:5      | Reached skill level 5 in Armour
  3915 | D:5      | Found a stormy altar of Qazlal.
  4189 | D:6      | Reached XP level 9. HP: 42/71 MP: 9/9
  4568 | D:6      | Found a burning altar of Makhleb.
  4671 | D:6      | Noticed a troll
  4678 | D:6      | Killed a troll
  4971 | D:6      | Found Xauf's Weapon Shoppe.
  4981 | D:6      | Reached skill level 8 in Shields
  5030 | D:6      | Found a staircase to the Ecumenical Temple.
  5064 | Temple   | Entered the Ecumenical Temple
  5176 | Temple   | Became a worshipper of Warmaster Okawaru
  5907 | D:7      | Reached skill level 1 in Invocations
  6423 | D:8      | Reached * piety under Okawaru
  6551 | D:8      | Reached XP level 10. HP: 64/79 MP: 11/11
  6679 | D:8      | Reached skill level 9 in Shields
  6700 | D:8      | Noticed Erica
  6724 | D:8      | Killed Erica
  6724 | D:8      | Reached ** piety under Okawaru
  7128 | D:8      | Found Cil Fapu's Food Shop.
  7731 | D:9      | Reached *** piety under Okawaru
  7779 | D:9      | Reached skill level 10 in Shields
  8397 | D:9      | Found a staircase to the Lair.
  8653 | D:10     | Entered Level 10 of the Dungeon
  8793 | D:10     | Reached XP level 11. HP: 87/87 MP: 14/14
  8847 | D:10     | Reached **** piety under Okawaru
  8970 | D:10     | Noticed a hill giant
  8982 | D:10     | Killed a hill giant
  8982 | D:10     | Received a gift from Okawaru
  9210 | D:10     | Found a staircase to the Orcish Mines.
  9431 | D:10     | Reached skill level 5 in Invocations
  9639 | D:10     | Noticed a hill giant
  9650 | D:10     | Killed a hill giant
  9650 | D:10     | Reached skill level 5 in Dodging
  9779 | D:11     | Noticed Sonja
  9792 | D:11     | Cast into level 1 of the Abyss (Sonja)
  9844 | Abyss:1  | Noticed a wretched star
  9886 | Abyss:1  | Killed from afar by a wretched star

Skill      XL: |  1  2  3  4  5  6  7  8  9 10 11 |
---------------+----------------------------------+-----
Shields        | 4 5 6 7 8 10 | 10.9
Axes           | 3 4 5 6 7 8 |  8.7
Fighting       | 4 5 6 7 8 9 |  9.6
Dodging        | 1 2 3 4 5 |  5.0
Armour         | 4 5 6 7 |  7.4
Invocations    | 2 4 5 |  5.3

Action                   |  1- 3 |  4- 6 |  7- 9 | 10-12 || total
-------------------------+-------+-------+-------+-------++-------
Melee: War axe           |   101 |   189 |   390 |   354 ||  1034
       Battleaxe         |       |       |       |    21 ||    21
Invok: Heroism           |       |       |       |     6 ||     6
 Abil: Dig               |     3 |       |       |       ||     3
Evoke: Wand              |       |       |       |     1 ||     1
  Use: Scroll            |       |     5 |     4 |     5 ||    14
       Potion            |       |       |     1 |       ||     1
  Eat: Chunk             |     1 |     6 |    14 |     4 ||    25
       Meat ration       |       |       |     1 |       ||     1
       Beef jerky        |       |       |       |     4 ||     4
Armor: Scale mail        |    38 |       |       |       ||    38
       Plate armour      |    26 |   131 |   155 |   191 ||   503
Dodge: Dodged            |    38 |    46 |    69 |    67 ||   220
Block: Shield            |    74 |   118 |    48 |       ||   240
       Large shield      |       |       |   269 |   437 ||   706
